 Dungeon Crawl Stone Soup version 0.27.0-1-g7a089689b8 (webtiles) character file.

Game seed: 10353549463923839085

218896 sasquatch the Peltast (level 18, -20/159 HPs)
             Began as a Minotaur Fighter on July 31, 2021.
             Was a High Priest of Okawaru.
             Killed from afar by Nikola (64 damage)
             ... with an arc of chain lightning
             ... on level 1 of the Swamp.
             The game lasted 01:46:39 (38808 turns).

sasquatch the Peltast (Minotaur Fighter)           Turns: 38808, Time: 01:46:39

Health: -20/159    AC: 41    Str: 34    XL:     18   Next: 43%
Magic:  18/24      EV: 15    Int:  5    God:    Okawaru [*****.]
Gold:   1523       SH: 29    Dex: 12    Spells: 17/17 levels left

rFire    + + .     SeeInvis .   c - +8 eveningstar (protect)
rCold    + . .     Faith    .   e - +2 tower shield {reflect}
rNeg     + . .     Spirit   .   L - +1 plate armour {rN+}
rPois    +         Reflect  +   T - +2 hat
rElec    +         Harm     .   m - +2 cloak
rCorr    +         Rampage  +   k - +2 pair of gloves {Dex+3}
Will     +....                  x - +1 pair of boots {rampage}
Stlth    ..........             v - amulet of Wuyffiko {Fragile rF+ Regen+ Str+4}
HPRegen  1.36/turn              s - ring of poison resistance
MPRegen  0.19/turn              H - +4 ring of evasion

@: resistant, heroic, finesse-ful, under a protective aura
A: horns 2, retaliatory headbutt
}: 1/15 runes: serpentine
a: Renounce Religion, Heroism, Finesse


You were on level 1 of the Swamp.
You worshipped Okawaru.
Okawaru was extremely pleased with you.
You visited 6 branches of the dungeon, and saw 25 of its levels.
You also visited: Ossuary.

You collected 2751 gold pieces.
You spent 1228 gold pieces at shops.

Inventory:

Hand Weapons
 c - a +8 eveningstar of protection (weapon)
 M - the +8 mace of Reapportionment {protect, rF+ rC+ rCorr}
   (Okawaru gifted it to you on level 4 of the Lair of Beasts)

   It grants its wielder temporary protection when it strikes (+7 to AC).
   rF:        It protects you from fire.
   rC:        It protects you from cold.
   rCorr:     It protects you from acid and corrosion.
 P - the +6 arbalest "Damnation" {damnation}
   (Okawaru gifted it to you on level 1 of the Snake Pit)

   Any ammunition fired from it explodes in a burst of damnation on striking a
   foe, dealing damage which bypasses armour.
Missiles
 y - 44 boomerangs
 D - 64 poisoned darts
 E - 5 curare-tipped darts
 G - 5 throwing nets (quivered)
Armour
 e - a +2 tower shield of reflection (worn)
 k - a +2 pair of gloves of dexterity (worn)
 m - a +2 cloak (worn)
 x - a +1 pair of boots of rampaging (worn)
 L - a +1 plate armour of positive energy (worn)
 T - a +2 hat (worn)
 Z - a +0 pair of boots of flying
Jewellery
 o - a ring of protection from cold
 s - a ring of poison resistance (left hand)
 v - the amulet of Wuyffiko (around neck) {Fragile rF+ Regen+ Str+4}
   (You bought it in a shop on level 2 of the Orcish Mines)

   [amulet of regeneration]

   Str:       It affects your strength (+4).
   rF:        It protects you from fire.
   Regen:     It increases your rate of health regeneration.
   Fragile:   It will be destroyed if unequipped.
 z - a ring of protection from fire
 A - a ring of see invisible
 H - a +4 ring of evasion (right hand)
Wands
 g - a wand of iceblast (41)
 u - a wand of mindburst (37)
Scrolls
 a - 3 scrolls of fear
 r - 4 scrolls of fog
 t - a scroll of enchant armour
 C - 3 scrolls of summoning
 F - 4 scrolls of amnesia
 I - 3 scrolls of identify
 J - 7 scrolls of teleportation
 S - 2 scrolls of silence
 U - 3 scrolls of blinking
 V - 3 scrolls of magic mapping
Potions
 b - 2 potions of resistance
 d - 2 potions of might
 h - 6 potions of heal wounds
 i - 4 potions of invisibility
 j - 5 potions of lignification
 l - 11 potions of curing
 p - 3 potions of attraction
 w - 5 potions of haste
 X - a potion of cancellation


   Skills:
 + Level 13.9(18.9) Fighting
 + Level 19.1(24.1) Maces & Flails
 + Level 17.3(22.3) Armour
 - Level 20.0(25.0) Shields
 - Level 10.0 Invocations
 - Level 6.1 Evocations


You had 17 spell levels left.
You didn't know any spells.
Your spell library contained the following spells:

 Spells                   Type           Power      Damage    Failure   Level
 Animate Skeleton         Necr           0%         N/A       86%         1
 Apportation              Tloc           0%         N/A       86%         1
 Beastly Appendage        Tmut           0%         N/A       86%         1
 Corona                   Hex            0%         N/A       86%         1
 Foxfire                  Conj/Fire      0%         2x1d4     86%         1
 Freeze                   Ice            0%         1d3       86%         1
 Summon Small Mammal      Summ           0%         N/A       86%         1
 Passwall                 Tmut/Erth      0%         N/A       94%         2
 Sublimation of Blood     Necr           0%         N/A       94%         2
 Wereblood                Tmut           0%         N/A       94%         2
 Conjure Flame            Conj/Fire      0%         6-21      99%         3
 Dazzling Flash           Conj/Hex       0%         N/A       99%         3
 Frozen Ramparts          Ice            0%         1d2       99%         3
 Gell's Gravitas          Tloc           0%         N/A       99%         3
 Inner Flame              Hex/Fire       0%         N/A       99%         3
 Spider Form              Tmut/Pois      0%         N/A       99%         3
 Stone Arrow              Conj/Erth      0%         3d7       99%         3
 Summon Guardian Golem    Hex/Summ       0%         N/A       99%         3
 Swiftness                Air            0%         N/A       99%         3
 Teleport Other           Tloc           0%         N/A       99%         3
 Animate Armour           Summ/Erth      0%         N/A       100%        4
 Animate Dead             Necr           0%         N/A       100%        4
 Fulminant Prism          Conj/Hex       0%         3d6       100%        4
 Hailstorm                Conj/Ice       0%         3d3       100%        4
 Iskenderun's Mystic Bla  Conj/Tloc      0%         2d3       100%        4
 Petrify                  Tmut/Erth      0%         N/A       100%        4
 Summon Ice Beast         Ice/Summ       0%         N/A       100%        4
 Summon Lightning Spire   Summ/Air       0%         N/A       100%        4
 Agony                    Necr           0%         N/A       100%        5
 Blade Hands              Tmut           0%         N/A       100%        5
 Borgnjor's Vile Clutch   Necr/Erth      0%         N/A       100%        5
 Irradiate                Conj/Tmut      0%         3d14      100%        5
 Lee's Rapid Deconstruct  Erth           0%         3d5*      100%        5
 Silence                  Hex/Air        0%         N/A       100%        5
 Summon Mana Viper        Hex/Summ       0%         N/A       100%        5
 Death Channel            Necr           0%         N/A       100%        6
 Dispersal                Tloc           0%         N/A       100%        6
 Invisibility             Hex            0%         N/A       100%        6
 Dragon Form              Tmut           0%         N/A       100%        7
 Monstrous Menagerie      Summ           0%         N/A       100%        7
 Orb of Destruction       Conj           0%         N/A       100%        7
 Spellforged Servitor     Conj/Summ      0%         N/A       100%        7
 Storm Form               Tmut/Air       0%         N/A       100%        7
 Borgnjor's Revivificati  Necr           0%         N/A       100%        8
 Lehudib's Crystal Spear  Conj/Erth      0%         10d2      100%        8
 Maxwell's Capacitive Co  Air            0%         ∞         100%        8
 Necromutation            Tmut/Necr      0%         N/A       100%        8
 Death's Door             Necr           0%         N/A       100%        9


Dungeon Overview and Level Annotations

Branches:
Dungeon (11/15)            Temple (1/1) D:4            Lair (6/6) D:8
  Swamp (1/4) Lair:3        Snake (4/4) Lair:4        Slime (0/5) Lair:6
    Orc (2/2) D:11            Elf (0/3) Orc:2       Ossuary (visited)

Altars:
Ashenzari
Cheibriados
Dithmenos
Elyvilon
Fedhas
Gozag
Hepliaklqana
Kikubaaqudgha
Makhleb
Nemelex Xobeh
Okawaru
Qazlal
Ru
Sif Muna
Trog
Uskayaw
Vehumet
Wu Jian
Xom
Yredelemnul
Zin
The Shining One
Beogh

Shops:
D:3 :   D:6 *   Orc:2 =(*[*

Annotations:
D:6 Maggie
D:10 2 runed translucent doors
Lair:6 exclusion: oklob plant
Swamp:1 Nikola


Innate Abilities, Weirdness & Mutations

You have a pair of horns on your head.
You reflexively headbutt those who attack you in melee.


Message History

You hit Nikola.
Your weapon exudes an aura of protection.
Nikola is lightly wounded.
Nikola casts a spell.
Lightning arcs from Nikola's hands!
The bolt of lightning hits you!!! You resist.
A bolt of lightning appears from out of thin air!
The bolt of lightning hits Nikola!
You hit Nikola. You headbutt Nikola!
Nikola is lightly wounded.
Nikola gestures wildly while chanting.
Nikola blinks!
You gain the combat prowess of a mighty hero.
Nikola points at you and mumbles some strange words.
The bolt of lightning hits you. You resist.
You barely miss Nikola. You headbutt Nikola!
Nikola is lightly wounded.
Nikola hits you but does no damage.
You beat Nikola like a drum!!!
Your weapon exudes an aura of protection.
Your headbutt misses Nikola.
Nikola is heavily wounded.
Nikola casts a spell.
Lightning arcs from Nikola's hands!
The bolt of lightning hits you!!! You resist.
* * * LOW HITPOINT WARNING * * *
A bolt of lightning appears from out of thin air!
The bolt of lightning hits Nikola!
You can now deal lightning-fast blows.
Nikola mumbles some strange words.
Lightning arcs from Nikola's hands!
The bolt of lightning hits you!! You resist.
* * * LOW HITPOINT WARNING * * *
A bolt of lightning appears from out of thin air!
The bolt of lightning hits Nikola!
You feel much better.
Nikola gestures wildly while chanting.
Lightning arcs from Nikola's hands!
The bolt of lightning hits you!!! You resist.
You die...

♣ ♣♣ ♣♣♣
♣.≈.♣..♣♣.♣♣♣≈♣♣ ♣
≈.....≈.≈.≈♣.≈.♣♣≈
♣♣.§≈.≈.♣♣≈.♣≈..♣.≈
≈≈..≈...≈...♣≈..≈.
♣.≈.♣≈.♣♣...≈)≈≈≈♣
♣.§!≈...≈..≈.≈≈≈♣.
♣♣@≈...≈.≈..≈..≈≈..
♣.@.♣..............
♣♣≈...≈≈.....≈..##.
♣≈...≈≈≈≈≈......#..
♣♣≈≈≈..)..≈≈≈...#.#
♣......≈≈...≈§.....
♣≈....≈..≈...≈≈....
♣♣≈♣.≈≈...≈.≈.§..##
♣♣............).#.
♣♣≈.≈..≈..≈≈≈....


You could see Nikola.

Vanquished Creatures
  Vashnia (Snake:3)
  Rupert (Lair:4)
  7 nagarajas
  An orc warlord (Orc:1)
  Aizul (Snake:4)
  An eleionoma (Swamp:1)
  Harold (D:8)
  8 hydras
  22 naga warriors
  Erolcha (D:10)
  3 boulder beetles
  3 salamander tyrants
  A catoblepas (Lair:6)
  The ghost of Nausicaa the Grappler, a novice TrDe of Xom (D:8)
  A ghost crab (Swamp:1)
  19 anacondas
  An ogre mage (Orc:1)
  Erica (D:8)
  2 centaur warriors
  4 two-headed ogres
  9 death yaks
  A deep troll shaman (Lair:6)
  4 orc high priests
  3 shock serpents
  19 naga sharpshooters
  Nergalle (Lair:1)
  Sonja (D:10)
  3 goliath frogs (Swamp:1)
  3 salamander mystics
  A swamp dragon (Swamp:1)
  2 bog bodies (Swamp:1)
  A spriggan druid (Swamp:1)
  12 naga ritualists
  Pikel (D:6)
  6 orc knights
  3 oklob plants (Lair:4)
  4 orc sorcerers
  13 mana vipers
  2 ugly things
  4 wolf spiders (D:10)
  A cyclops (Orc:1)
  4 guardian serpents
  15 salamanders
  12 elephants
  Maurice (D:10)
  18 naga magi
  42 black mambas
  16 cane toads
  Joseph (D:8)
  A torpor snail (Lair:4)
  4 rime drakes
  14 komodo dragons
  5 yaktaurs (D:11)
  3 tyrant leeches (Swamp:1)
  2 polar bears (Lair:6)
  A bloated husk (Swamp:1)
  5 trolls
  11 blink frogs
  2 hornets (Swamp:1)
  8 dream sheep
  Sigmund (D:6)
  37 yaks
  8 redbacks (D:10)
  8 wyverns
  5 wraiths
  2 spriggans (Swamp:1)
  A vampire (D:9)
  11 basilisks
  A steam dragon (D:6)
  4 swamp worms (Swamp:1)
  4 vampire mosquitoes
  Edmund (D:6)
  2 wargs
  47 nagas
  25 water moccasins
  An acid dragon (D:5)
  2 ice beasts
  32 orc warriors
  A sky beast (D:5)
  A swamp drake (Swamp:1)
  3 black bears
  25 wolves
  16 ogres
  4 centaurs
  A lemure (D:6)
  A kobold brigand (D:7)
  A wyvern zombie (D:6)
  14 bullfrogs
  A wyvern skeleton (D:6)
  A water moccasin skeleton (D:5)
  6 killer bees
  8 wights (D:8)
  3 electric eels
  2 howler monkeys (D:4)
  4 gnoll shamans
  Crazy Yiuf (D:2)
  11 centaur zombies
  13 orc priests
  2 hounds
  Terence (D:2)
  9 orc wizards
  13 hell rats
  A scorpion zombie (D:5)
  2 killer bee zombies
  6 mummies
  A howler monkey zombie (D:5)
  18 gnolls
  4 adders
  3 shadow imps
  5 white imps
  An ufetubus (D:6)
  2 adder skeletons
  An adder zombie (D:2)
  3 worms
  2 dart slugs
  62 orcs
  A bat skeleton (D:2)
  A bat zombie (D:2)
  4 endoplasms
  3 giant cockroaches
  6 goblins
  8 hobgoblins
  14 jackals
  7 kobolds
  5 quokkas
  3 ball pythons
  A ball python skeleton (D:2)
  7 bats
  3 frilled lizards (D:2)
  2 hobgoblin zombies (Ossuary)
  2 orc zombies (D:6)
  2 quokka skeletons (D:2)
  11 rats
864 creatures vanquished.

Vanquished Creatures (others)
  A bush (D:8)
  72 fungi
  97 plants
170 creatures vanquished.

Grand Total: 1034 creatures vanquished

Notes
Turn   | Place    | Note
-------+----------+-------------------------------------------
     0 | D:1      | sasquatch the Minotaur Fighter began the quest for the Orb.
     0 | D:1      | Reached XP level 1. HP: 19/19 MP: 0/0
    52 | D:1      | Reached XP level 2. HP: 3/26 MP: 1/1
   567 | D:1      | Found a faded altar of an unknown god.
   691 | D:1      | Reached XP level 3. HP: 21/31 MP: 2/2
  1258 | D:2      | Noticed Terence
  1267 | D:2      | Killed Terence
  1268 | D:2      | Reached skill level 5 in Maces & Flails
  1268 | D:2      | Reached XP level 4. HP: 27/39 MP: 3/3
  1553 | D:2      | Found a runed translucent door.
  1554 | D:2      | Noticed Crazy Yiuf
  1999 | D:2      | Killed Crazy Yiuf
  2000 | D:2      | Reached XP level 5. HP: 38/45 MP: 4/4
  2732 | D:3      | Found an opulent altar of Gozag.
  2732 | D:3      | Found a sparkling altar of Nemelex Xobeh.
  3248 | D:3      | Found Dibab's Book Boutique.
  3331 | D:4      | Reached XP level 6. HP: 34/51 MP: 5/5
  3680 | D:4      | Found a staircase to the Ecumenical Temple.
  3907 | D:4      | Found a shadowy altar of Dithmenos.
  4024 | D:4      | Found an ornate altar of the Wu Jian Council.
  4063 | D:5      | Entered Level 5 of the Dungeon
  4165 | D:5      | Noticed an acid dragon
  4175 | D:5      | Killed an acid dragon
  4176 | D:5      | Reached XP level 7. HP: 48/57 MP: 6/6
  4328 | D:5      | Found a broken altar of Ashenzari.
  4342 | D:5      | Reached skill level 10 in Maces & Flails
  5392 | Temple   | Entered the Ecumenical Temple
  5507 | Temple   | Became a worshipper of Warmaster Okawaru
  5587 | D:5      | Reached XP level 8. HP: 49/64 MP: 7/7
  6072 | D:6      | Found Fepit's Assorted Antiques.
  6154 | D:6      | Noticed Maggie
  6437 | D:6      | Noticed Pikel
  6459 | D:6      | Killed Pikel
  6459 | D:6      | Reached * piety under Okawaru
  6467 | D:6      | Found a shimmering altar of Xom.
  6522 | D:6      | Found a sand-covered staircase.
  6532 | Ossuary  | Entered an ossuary
  6546 | Ossuary  | Reached XP level 9. HP: 49/70 MP: 5/8
  6798 | D:6      | Noticed Sigmund
  6812 | D:6      | Killed Sigmund
  6812 | D:6      | Reached ** piety under Okawaru
  7223 | D:6      | Noticed Edmund
  7243 | D:6      | Killed Edmund
  7284 | D:6      | Found a glowing silver altar of Zin.
  7912 | D:7      | Reached skill level 5 in Fighting
  7912 | D:7      | Reached skill level 5 in Armour
  8049 | D:7      | Found a glowing golden altar of the Shining One.
  9018 | D:8      | Noticed Harold
  9053 | D:8      | Killed Harold
  9053 | D:8      | Reached *** piety under Okawaru
  9054 | D:8      | Reached XP level 10. HP: 20/86 MP: 6/9
  9475 | D:8      | Noticed a centaur warrior
 10351 | D:8      | Found a staircase to the Lair.
 10374 | D:8      | Killed a centaur warrior
 10374 | D:8      | Reached **** piety under Okawaru
 10375 | D:8      | Reached skill level 10 in Armour
 10522 | D:8      | Found a runed translucent gate.
 10523 | D:8      | Found a runed translucent gate.
 10524 | D:8      | Found a runed translucent gate.
 10525 | D:8      | Noticed Nausicaa's ghost (novice TrDe)
 10934 | D:8      | Noticed Joseph
 10943 | D:8      | Killed Joseph
 11005 | D:8      | Noticed Erica
 11019 | D:8      | Killed Erica
 11757 | D:8      | Reached XP level 11. HP: 78/97 MP: 10/10
 11841 | D:9      | Reached ***** piety under Okawaru
 11973 | D:9      | Found a stormy altar of Qazlal.
 12664 | D:9      | Found a bloodstained altar of Trog.
 12696 | D:9      | Received a gift from Okawaru
 13100 | D:9      | Noticed a two-headed ogre
 13117 | D:9      | Killed a two-headed ogre
 13274 | D:9      | Found a sacrificial altar of Ru.
 13306 | D:9      | Reached skill level 10 in Fighting
 13575 | D:9      | Found a hide-covered altar of Uskayaw.
 13577 | D:9      | Found an ancient bone altar of Kikubaaqudgha.
 13770 | D:10     | Entered Level 10 of the Dungeon
 13798 | D:10     | Noticed Erolcha
 13869 | Lair:1   | Entered Level 1 of the Lair of Beasts
 13886 | Lair:1   | Noticed Nergalle
 13906 | Lair:1   | Killed Nergalle
 14404 | Lair:1   | Reached skill level 4 in Shields
 14418 | Lair:1   | Reached skill level 5 in Shields
 14576 | Lair:1   | Reached skill level 6 in Shields
 14616 | Lair:1   | Identified the +3 leather armour "Ahokhow" {SInv Stlth+}
 14653 | Lair:1   | You fall into a shaft and drop 1 floor!
 14797 | Lair:1   | Reached skill level 7 in Shields
 15350 | Lair:2   | Reached skill level 8 in Shields
 15766 | Lair:2   | Reached XP level 12. HP: 99/106 MP: 11/11
 15812 | Lair:2   | Reached skill level 9 in Shields
 15838 | Lair:2   | Noticed a five-headed hydra
 15848 | Lair:2   | Killed a one-headed hydra
 16351 | Lair:3   | Reached skill level 10 in Shields
 16363 | Lair:3   | Received a gift from Okawaru
 16602 | Lair:3   | Noticed a six-headed hydra
 16610 | Lair:3   | Killed a two-headed hydra
 16616 | Lair:3   | Reached skill level 11 in Shields
 16778 | Lair:3   | Found a staircase to the Swamp.
 16913 | Lair:3   | Reached skill level 12 in Shields
 17835 | Lair:4   | Noticed Rupert
 17862 | Lair:4   | Killed Rupert
 17863 | Lair:4   | Reached skill level 13 in Shields
 18224 | Lair:4   | Reached skill level 14 in Shields
 18543 | Lair:4   | Found a staircase to the Snake Pit.
 18692 | Lair:4   | Reached XP level 13. HP: 103/113 MP: 12/12
 18955 | Lair:4   | Identified the +8 mace of Reapportionment {protect, rF+ rC+
                  | rCorr} (Okawaru gifted it to you on level 4 of the Lair of
                  | Beasts)
 18955 | Lair:4   | Received a gift from Okawaru
 19223 | Lair:4   | Reached skill level 15 in Shields
 19997 | Lair:4   | Reached skill level 15 in Maces & Flails
 21389 | D:8      | Killed Nausicaa's ghost
 21389 | D:8      | Received a gift from Okawaru
 22095 | Lair:5   | Identified the +9 falchion "Ygheom" {vorpal, rCorr Stlth+}
 22597 | Lair:5   | Reached skill level 1 in Evocations
 23141 | Lair:6   | Entered Level 6 of the Lair of Beasts
 23559 | Lair:6   | Reached skill level 1 in Invocations
 23559 | Lair:6   | Reached XP level 14. HP: 126/126 MP: 12/14
 23605 | Lair:6   | Identified the +7 ring mail of Gouffos {Rampage rF+ Int-3
                  | SInv} (Okawaru gifted it to you on level 6 of the Lair of
                  | Beasts)
 23605 | Lair:6   | Received a gift from Okawaru
 24131 | Lair:6   | Reached skill level 5 in Invocations
 25763 | Lair:6   | Received a gift from Okawaru
 26705 | D:10     | Identified the +0 mace of True Grit {speed, +Rage}
 26910 | D:10     | Killed Erolcha
 26980 | D:10     | Found the +9 staff of Olgreb {rPois∞}
 26995 | D:10     | Found a runed translucent door.
 27004 | D:10     | Found a runed translucent gate.
 27004 | D:10     | Found a runed translucent gate.
 27005 | D:10     | Found a runed translucent door.
 27008 | D:10     | Noticed Sonja
 27032 | D:10     | Killed Sonja
 27331 | D:10     | Found a runed translucent gate.
 27363 | D:10     | Reached skill level 10 in Invocations
 27568 | D:10     | Noticed Maurice
 27585 | D:10     | Killed Maurice
 28372 | D:11     | Identified the +4 ring mail of Dishonour {Rampage rF+
                  | rCorr}
 28809 | D:11     | Reached XP level 15. HP: 81/132 MP: 21/21
 29108 | D:11     | Received a gift from Okawaru
 29191 | D:11     | Found a staircase to the Orcish Mines.
 29442 | Orc:1    | Entered Level 1 of the Orcish Mines
 29723 | Orc:1    | Found a radiant altar of Vehumet.
 30303 | Orc:2    | Entered Level 2 of the Orcish Mines
 30341 | Orc:2    | Found a staircase to the Elven Halls.
 30686 | Orc:2    | Found Beafaocy's Jewellery Shop.
 30785 | Orc:2    | Found Susi Vyi's Antique Weapon Shoppe.
 30868 | Orc:2    | Noticed an orc warlord
 30999 | Orc:1    | Killed an orc warlord
 31513 | Orc:1    | Reached skill level 15 in Armour
 31584 | Orc:2    | Found Amuorch's General Store.
 31661 | Orc:2    | Reached skill level 16 in Shields
 31760 | Orc:2    | Found Lugowke's Antique Armour Boutique.
 31938 | Orc:2    | Found Evassida's Assorted Antiques.
 32129 | Orc:2    | Bought the amulet of Wuyffiko {Fragile rF+ Regen+ Str+4}
                  | for 655 gold pieces
 32419 | Snake:1  | Entered Level 1 of the Snake Pit
 32611 | Snake:1  | Identified the +11 battleaxe of Moderation {freeze, Fly
                  | Int+4 Dex+2}
 32670 | Snake:1  | Noticed a nagaraja
 32670 | Snake:1  | Noticed a nagaraja
 32693 | Snake:1  | Killed a nagaraja
 32730 | Snake:1  | Killed a nagaraja
 32939 | Snake:1  | Received a gift from Okawaru
 32940 | Snake:1  | Found the +6 arbalest "Damnation" {damnation}
 32945 | Snake:1  | Reached XP level 16. HP: 139/139 MP: 22/22
 34013 | Orc:2    | Bought a pair of runed boots for 277 gold pieces
 34013 | Orc:2    | Bought an embroidered scarf for 296 gold pieces
 34588 | Snake:2  | Received a gift from Okawaru
 34595 | Snake:2  | Reached skill level 17 in Shields
 34714 | Snake:2  | Reached XP level 17. HP: 146/146 MP: 23/23
 35379 | Snake:3  | Reached skill level 18 in Shields
 35891 | Snake:3  | Reached skill level 19 in Shields
 35964 | Snake:3  | Received a gift from Okawaru
 36278 | Snake:3  | Noticed Vashnia
 36307 | Snake:3  | Killed Vashnia
 36777 | Snake:4  | Entered Level 4 of the Snake Pit
 36873 | Snake:4  | Reached skill level 20 in Shields
 37733 | Snake:4  | Identified a scroll of acquirement
 37734 | Snake:4  | Acquired a +2 eveningstar of protection
 37899 | Snake:4  | Reached XP level 18. HP: 150/156 MP: 24/24
 37961 | Snake:4  | Received a gift from Okawaru
 38136 | Snake:4  | Noticed Aizul
 38158 | Snake:4  | Killed Aizul
 38258 | Snake:4  | Got a serpentine rune of Zot
 38489 | Swamp:1  | Entered Level 1 of the Swamp
 38795 | Swamp:1  | Noticed Nikola
 38808 | Swamp:1  | Killed from afar by Nikola

Illustrated notes

Levels and vault maps discovered:
D:1:      dpeg_arrival_another_circle, layout_basic,
          shapermc_ecumenical_altar_gd
D:2:      layout_rooms, serial_undead, serial_undead_c, serial_undead_a,
          serial_undead_c, serial_undead_f, minmay_misc_feat_hallway,
          nrook_mini_vaults, uniq_terence, uniq_crazy_yiuf_cottage
D:3:      layout_loops_ring, grunt_temple_overflow_opulence, serial_shops, shop
D:4:      layout_basic, lemuel_coloured_pillars_altar,
          nicolae_dithmenos_through_a_glass_darkly, temple_statues,
          hangedman_decor_lopped
D:5:      layout_basic, mainiacjoe_overflow_catwalk
D:6:      layout_rooms, xom_butterflies, zin_statuary,
          nicolae_ossuary_entry_giza, serial_shops, shop, uniq_sigmund,
          uniq_pikel, uniq_maggie, uniq_edmund
D:7:      layout_basic, nicolae_tso_carved_into_rock, serial_co_window_serial,
          co_window_paths_b, co_window_paths_a, co_window_paths_a,
          co_window_paths_b, co_window_cross_1, co_window_of_opportunity_a,
          co_window_corner_a, co_window_corner_b, co_window_corner_ca,
          glass_columns_a, glass_columns_a
D:8:      layout_rooms, minmay_lair_entry_grove, gammafunk_ghost_spectres,
          uniq_joseph, uniq_erica, uniq_harold
D:9:      kennysheep_seaside_town, layout_irregular_city, jmf_multi_god_temple,
          nicolae_ru_sacrificial_ziggurat, lightli_temple_of_fire,
          mainiacjoe_overflow_small_starburst, serial_glass, glass_columns_a,
          glass_columns_a
D:10:     layout_roguey, kennysheep_big_empty_room,
          minmay_guarded_unrand_staff_of_olgreb, uniq_maurice, uniq_sonja,
          uniq_erolcha
D:11:     layout_basic, david_orc_4
Temple:   kb_temple_of_zot
Lair:1:   layout_roguey, uniq_nergalle
Lair:2:   layout_loops_ring, serial_bayou_pond_e, grunt_megastairs_1
Lair:3:   layout_roguey, swamp_mist, minmay_lindwurm_lava, grunt_megastairs_2,
          lemuel_fruit_fields, lemuel_fruit_fields
Lair:4:   nzn_winding_woodlands_stair_cross [nzn_winding_woodlands_5x15_parted,
          nzn_winding_woodlands_center_pierced_h,
          nzn_winding_woodlands_5x15_lazy_stream,
          nzn_winding_woodlands_hourglass, nzn_winding_woodlands_5x5_cross,
          nzn_winding_woodlands_5x15_twine, nzn_winding_woodlands_center_garden,
          nzn_winding_woodlands_5x15_pockets], layout_gridlike,
          minmay_lair_oklob_chamber, uniq_rupert
Lair:5:   layout_gridlike
Lair:6:   grunt_lair_end_beastmaster, layout_long_grid,
          minmay_slime_entry_oklob_enclosed
Swamp:1:  layout_falls_marsh, evilmike_swamp_ruin_rubble_2, uniq_nikola
Snake:1:  layout_grid_maze, st_stairs_3, drop_trap, nicolae_snake_omega
Snake:2:  layout_onion, nicolae_snake_coiling_death
Snake:3:  layout_gridlike, uniq_vashnia
Snake:4:  grunt_snake_rune_serpentine_throne, layout_basic, lemuel_fruit_tree,
          grunt_megastairs_3, uniq_aizul
Orc:1:    layout_caves, basic_altar, mines4_lemuel
Orc:2:    grunt_orc_gardens, layout_caves, grunt_orc_garden, grunt_orc_garden,
          grunt_orc_garden, grunt_orc_garden, serial_shops, shop, basic_altar,
          nicolae_orc_lava_room

Skill      XL: |  1  2  3  4  5  6  7  8  9 10 11 12 13 14 15 16 17 18 |
---------------+-------------------------------------------------------+-----
Maces & Flails | 3 4 5 6 7 9 11 13 14 16 17 18 19 | 19.1
Fighting       | 7 9 10 12 13 | 13.9
Armour         | 8 11 14 15 16 17 | 17.3
Shields        | 8 14 15 16 17 20 | 20.0
Evocations     | 3 6 |  6.1
Invocations    | 1 10 | 10.0

Action                   |  1- 3 |  4- 6 |  7- 9 | 10-12 | 13-15 | 16-18 || total
-------------------------+-------+-------+-------+-------+-------+-------++-------
Melee: Flail             |    84 |   193 |   276 |   658 |    30 |       ||  1241
       Headbutt          |    11 |    33 |    66 |   156 |   436 |   352 ||  1054
       Whip              |       |       |     8 |    13 |       |       ||    21
       Punch             |       |       |     1 |     2 |       |       ||     3
       Scimitar          |       |       |       |    15 |    38 |       ||    53
       Mace              |       |       |       |       |  1361 |  1046 ||  2407
       Eveningstar       |       |       |       |       |       |   247 ||   247
Throw: Boomerang         |       |       |     8 |     5 |       |       ||    13
       Throwing net      |       |       |       |       |     3 |     1 ||     4
Invok: Heroism           |       |       |     3 |    12 |    19 |    12 ||    46
       Finesse           |       |       |       |     1 |     6 |     6 ||    13
Evoke: Wand              |       |       |       |       |    21 |       ||    21
  Use: Scroll            |       |       |    15 |     8 |     5 |    12 ||    40
       Potion            |       |       |       |     6 |     1 |     2 ||     9
 Stab: Held in net/web   |       |       |       |       |     1 |       ||     1
Armor: Scale mail        |    41 |   110 |   163 |    55 |       |       ||   369
       Chain mail        |       |       |       |   215 |   382 |       ||   597
       Plate armour      |       |       |       |       |   104 |   358 ||   462
Dodge: Dodged            |    53 |    82 |    97 |   219 |   300 |   257 ||  1008
Block: Kite shield       |       |       |       |   199 |   719 |       ||   918
       Tower shield      |       |       |       |       |   126 |  1509 ||  1635
       Reflection        |       |       |       |       |       |    10 ||    10
       Rpst.: Scimitar   |       |       |       |       |     4 |       ||     4
